AoeStats
← Agnes Tachyon

Lombardia

510017911Analyzed
4v4 RM · 5d ago on Sep 29, 2026· 41m 21s· 8 players
Game mode
Random Map
Map size
Large (8 player)
Population
200
Speed
Normal
Resources
Standard
Victory
Conquest
Starting age
Dark Age
Ending age
Imperial Age
RankedLock teamsTeams togetherTeam positionsShared explorationLock speedFull tech treeHidden civsTurbo modeCheats
Victory
Defeat
🇦🇷 Chinese · Argentina
889
+10
🇹🇼 Byzantines · Taiwan
805
+34
🇨🇱 Saxons · Chile
786
+15
🇧🇷 Teutons · Brazil
704
+18
🇨🇦 Saxons · Canada
815
-17
🇨🇦 Varangians · Canada
788
-15
🇲🇽 Magyars · Mexico
740
-14
🇦🇺 Spanish · Australia
680
-11
Carrizuwu
11:25 Feudal Age
16:29 Double-Bit Axe
16:42 Loom
19:53 Castle Age
18:16 Horse Collar
19:20 Forging
19:13 Scale Mail Armor
20:04 Man-at-Arms
20:56 Long Swordsman
27:07 Iron Casting
27:04 Town Watch
28:40 Squires
28:26 Gambesons
28:28 Arson
29:01 Chain Mail Armor
32:41 Wheelbarrow
32:56 Pikeman
34:34 Crossbowman
35:13 Fletching
35:24 Padded Archer Armor
35:56 Town Patrol
36:15 Hand Cart
36:39 Hand Cart
37:27 Thumb Ring
38:44 Elite Skirmisher
chenleo20061102
5:41 Loom
11:40 Feudal Age
12:25 Horse Collar
12:32 Double-Bit Axe
21:47 Castle Age
22:44 Husbandry
22:39 Gambesons
23:45 Stone Mining
23:48 Gold Mining
24:47 Squires
24:41 Arson
28:54 Scale Mail Armor
34:13 Imperial Age
33:52 Forging
33:53 Scale Barding Armor
34:37 Wheelbarrow
35:15 Conscription
35:24 Capped Ram
38:01 Elite Varangian Guard
Biscoitoso
0:45 Loom
12:58 Feudal Age
13:37 Double-Bit Axe
16:18 Wheelbarrow
20:13 Castle Age
18:24 Gold Mining
19:08 Horse Collar
20:35 Bloodlines
22:01 Town Watch
23:28 Fervor
25:33 Sanctity
26:08 Bow Saw
26:45 Pikeman
27:33 Stone Mining
30:05 Caravan
30:44 Hand Cart
31:15 Ballistics
30:49 Fletching
31:39 Heavy Plow
32:58 Ironclad
35:08 Stone Shaft Mining
35:57 Fortified Wall
36:06 Squires
39:41 Imperial Age
38:27 Forging
38:13 Bodkin Arrow
39:39 Masonry
41:37 Two-Man Saw
42:06 Iron Casting
41:32 Scale Mail Armor
Agnes Tachyon
0:50 Loom
9:51 Feudal Age
10:36 Double-Bit Axe
13:27 Wheelbarrow
18:00 Castle Age
19:25 Bow Saw
21:55 Fletching
23:20 Stone Mining
23:34 Horse Collar
25:30 Heavy Plow
28:36 Great Wall
28:35 Bodkin Arrow
28:40 Padded Archer Armor
34:02 Imperial Age
34:43 Hand Cart
39:32 Chemistry
38:53 Ballistics
38:50 Leather Archer Armor
38:36 Bracer
Halin1234
0:32 Loom
10:52 Feudal Age
11:19 Double-Bit Axe
11:18 Horse Collar
13:55 Wheelbarrow
20:33 Castle Age
23:44 Bow Saw
23:37 Heavy Plow
24:00 Pikeman
24:08 Man-at-Arms
27:40 Caravan
31:11 Squires
30:58 Gambesons
31:40 Arson
34:38 Hand Cart
34:59 Fletching
39:19 Imperial Age
36:52 Scale Mail Armor
38:37 Chain Mail Armor
38:33 Forging
39:37 Elite Varangian Guard
40:54 Fortified Wall
41:51 Conscription
41:03 Sappers
42:11 Hoardings
TheAdriRyu
12:07 Feudal Age
20:08 Castle Age
21:34 Wheelbarrow
22:12 Double-Bit Axe
23:09 Loom
23:43 Bow Saw
26:34 Hand Cart
27:32 Caravan
27:32 Town Watch
35:44 Imperial Age
33:06 Man-at-Arms
38:20 Capped Ram
HuskiestOfInus
2:30 Loom
3:02 Loom
10:46 Feudal Age
11:16 Double-Bit Axe
11:14 Horse Collar
21:47 Castle Age
24:15 Bow Saw
24:08 Heavy Plow
24:04 Stone Mining
24:05 Gold Mining
27:19 Stone Shaft Mining
32:43 Wheelbarrow
33:06 Fletching
33:27 Forging
33:23 Scale Barding Armor
35:08 Husbandry
35:21 Bloodlines
35:26 Bodkin Arrow
36:07 Iron Casting
35:52 Chain Barding Armor
38:59 Imperial Age
MachTerran
10:49 Loom
13:40 Feudal Age
14:07 Horse Collar
19:56 Castle Age
17:46 Double-Bit Axe
18:09 Padded Archer Armor
18:01 Fletching
18:24 Scale Barding Armor
20:20 Gold Mining
23:53 Heavy Plow
24:06 Bow Saw
24:12 Fervor
24:10 Stone Mining
32:11 Wheelbarrow
39:49 Imperial Age
37:57 Husbandry
Connection lost

Rejoining the realm…

Still unreachable

The connection could not be restored.

Session expired

The server has moved on; the page needs a fresh start.